Map: Dasan Station LE

Players

Gracz - Winner!

  • Race: Zerg Zerg

TERMINATOR

  • Race: Protoss Protoss

VOD

Have the link to the VOD?

Description

Time

  • Played on: Oct. 22, 2016, 6:55 a.m.
  • Length: 18:23
Show
View Real Time Build Order
Export as new Build Order

Gracz Zerg - Winner!

Build Orders: Hatch First, Lurkers 

Get SALT Encoding   

  12  0:01  Drone  
  13  0:08  Drone  
  14  0:16  Overlord  
  14  0:34  Drone  
  14  0:35  Drone  
  16  0:44  Drone  
  17  0:57  Unknown, Hatchery  
  17  1:03  Drone  
  17  1:04  Drone  
  18  1:29  Extractor  
  17  1:36  Spawning Pool  
  16  1:49  Drone x3  
  19  2:00  Drone  
  19  2:01  Extractor  
  19  2:08  Unknown  
  19  2:18  Drone  
  19  2:21  Drone x2  
  22  2:33  Zergling x4  
  22  2:34  Zergling x2  
  25  2:39  Queen  
  25  2:42  Overlord  
  27  3:00  Queen  
  30  3:12  Zergling x2  
  30  3:13  Zergling x8  
  34  3:32  Drone x2  
  36  3:35  Overlord x2  
  34  3:59  Drone  
  34  4:00  Drone x5  
  40  4:15  Lair  
  40  4:21  Queen  
  42  4:37  Drone x3  
  45  4:46  Roach Warren  
  44  4:57  Evolution Chamber  
  44  4:59  Evolution Chamber  
  42  5:14  Drone x6  
  48  5:23  Drone x2  
  48  5:27  Zerg Melee Weapons Level 1  
  48  5:28  Zerg Ground Armor Level 1  
  50  5:36  Infestation Pit  
  50  5:39  Hydralisk Den  
  48  5:42  Overlord  
  48  5:43  Overlord x2  
  48  6:02  Roach  
  48  6:03  Roach x4  
  58  6:07  Metabolic Boost  
  58  6:09  Lurker Den  
  58  6:19  Hive  
  58  6:27  Roach  
  58  6:28  Roach x4  
  68  6:40  Overlord  
  68  6:47  Extractor  
  68  6:49  Extractor  
  68  6:50  Unknown, Hatchery  
  65  7:01  Hydralisk  
  65  7:02  Hydralisk x2  
  65  7:07  Overlord  
  71  7:10  Zergling x4  
  73  7:31  Hydralisk x4  
  81  7:41  Overlord x3  
  81  8:02  Unknown  
  81  8:03  Lurker  
  82  8:07  Drone  
  82  8:08  Drone x8  
  91  8:23  Roach x2  
  91  8:24  Roach  
  97  8:38  Roach  
  97  8:39  Roach x5  
  109  8:43  Lurker  
  110  8:55  Drone x3  
  113  8:59  Extractor  
  113  9:00  Drone x2  
  113  9:01  Extractor  
  113  9:36  Zergling x2  
  113  9:38  Overlord x3  
  114  9:56  Queen  
  114  9:57  Zergling x2  
  114  9:58  Zergling x26  
  130  10:03  Lurker x5  
  135  10:21  Ultralisk Cavern, Zerg Ground Armor Level 2  
  135  10:22  Zerg Melee Weapons Level 2  
  135  10:28  Hydralisk x2  
  138  10:42  Overlord x4  
  138  11:00  Overseer x3  
  138  11:14  Hydralisk  
  138  11:16  Ultralisk  
  138  11:17  Ultralisk x2  
  158  11:52  Overlord x2  
  158  11:53  Overlord  
  158  11:55  Ultralisk x2  
  170  12:04  Adrenal Glands  
  170  12:32  Roach x3  
  170  12:33  Ultralisk x2  
  170  12:35  Hydralisk x3  
  194  12:39  Unknown, Hatchery  
  194  12:40  Overlord x3  
  193  13:10  Roach x3  
  199  13:50  Unknown  
  199  14:26  Spore Crawler x2  
  199  14:30  Spore Crawler  
  196  14:31  Spine Crawler  
  196  14:33  Spore Crawler  
  196  14:34  Spore Crawler  
  193  14:42  Spine Crawler  
  192  14:46  Spine Crawler  
  192  14:52  Hydralisk x2  
  191  14:53  Hydralisk x2  
  199  15:27  Zerg Melee Weapons Level 3, Zerg Ground Armor Level 3  
  199  15:28  Chitinous Plating  
  199  15:31  Muscular Augments  
  199  15:33  Glial Reconstitution  
  140  17:33  Roach  
  140  17:34  Roach x14  
Show
View Real Time Build Order
Export as new Build Order

TERMINATOR Protoss 

Build Orders:  

Get SALT Encoding   

  12  0:01  Probe (Chrono Boost)  
  13  0:12  Probe (Chrono Boost)  
  14  0:20  Pylon  
  14  0:25  Probe (Chrono Boost)  
  15  0:39  Gateway  
  15  0:45  Pylon  
  15  0:47  Probe (Chrono Boost)  
  16  0:57  Assimilator  
  16  0:58  Probe (Chrono Boost)  
  17  1:13  Gateway  
  17  1:16  Pylon  
  17  1:34  Zealot, Cybernetics Core  
  19  1:50  Pylon  
  19  1:56  Pylon  
  21  2:09  Stalker  
  21  2:14  Stalker  
  23  2:38  Warp Gate  
  23  2:45  Pylon  
  23  2:48  Pylon  
  23  2:50  Pylon  
  23  3:13  Stalker  
  23  3:15  Stalker  
  27  3:36  Gateway  
  27  3:40  Assimilator  
  27  3:44  Forge  
  27  3:46  Pylon  
  27  3:54  Gateway  
  27  4:04  Pylon  
  27  4:16  Gateway  
  27  4:19  Probe (Chrono Boost)  
  28  4:31  Probe (Chrono Boost)  
  29  4:33  Pylon  
  29  4:43  Probe (Chrono Boost)  
  29  4:44  Gateway  
  30  5:12  Stalker x2  
  34  5:14  Stalker  
  34  5:16  Stalker  
  38  5:27  Photon Cannon  
  38  5:37  Pylon  
  38  5:52  Pylon  
  38  5:54  Pylon  
  38  6:04  Stalker  
  40  6:17  Photon Cannon  
  40  6:36  Stalker  
  42  6:40  Stalker x2  
  46  7:12  Unknown, Nexus  
  46  7:28  Twilight Council  
  44  8:14  Robotics Facility  
  44  8:18  Templar Archives  
  44  8:23  Robotics Facility  
  44  8:24  Unknown  
  44  8:26  Probe (Chrono Boost)  
  45  8:36  Probe (Chrono Boost)  
  45  8:37  Probe (Chrono Boost)  
  47  8:45  Sentry, Blink  
  47  8:46  Sentry  
  47  8:47  Probe (Chrono Boost)  
  47  8:48  Probe (Chrono Boost)  
  53  8:49  Sentry  
  55  8:57  Probe (Chrono Boost)  
  56  9:04  Assimilator  
  56  9:08  Probe (Chrono Boost)  
  56  9:09  Assimilator  
  57  9:16  Psionic Storm  
  57  9:18  Probe x2 (Chrono Boost)  
  59  9:30  Probe (Chrono Boost)  
  60  9:42  Probe (Chrono Boost)  
  61  9:54  Observer, Probe (Chrono Boost)  
  61  9:55  Warp Prism  
  65  10:07  Probe (Chrono Boost)  
  66  10:19  Probe (Chrono Boost)  
  37  11:27  High Templar x3  
  37  11:28  High Templar x2  
  46  11:37  High Templar  
  48  12:03  Immortal x2  
  56  12:11  Stalker x5  
  66  12:18  Adept  
  68  12:37  Immortal  
  68  12:38  Immortal  
  68  12:42  Robotics Bay  
  76  12:50  Stargate  
  76  12:52  Stargate  
  74  13:26  Archon x2  
  74  13:39  Unknown  
  74  13:59  Stalker  
  74  14:00  Stalker x5  
  66  14:18  Observer  
  66  14:19  Observer  
  76  14:32  Colossus x2  
  80  15:14  Unknown, Nexus  
  80  15:19  Colossus  
  80  15:21  Unknown, Nexus  
  80  15:22  Pylon  
  80  15:24  Observer  
  80  15:25  Pylon  
  87  15:40  Immortal  
  87  15:49  Photon Cannon  
  91  15:50  Photon Cannon  
  91  15:51  Photon Cannon  
  91  15:54  Photon Cannon  
  91  15:55  Photon Cannon  
  91  15:56  Photon Cannon  
  91  16:00  Photon Cannon  
  89  16:19  Stalker  
  91  16:26  Unknown  
  40  16:48  Sentry x4  
  40  16:49  Sentry  
  37  17:03  Immortal  
  37  17:04  Immortal  
  33  17:12  Stalker  
  33  17:13  Stalker  
  33  17:37  Immortal  
  37  17:52  Stalker x2  
  37  17:53  Stalker  
Tags
 
Add a new tag
Caveats
  • Supply blocks, unpowered buildings, or Contaminate may cause inaccurate times.
  • Supply counts are checked every 10 seconds.